 Dungeon Crawl Stone Soup version 0.32-a0-953-g508020473e (webtiles) character file.

Game seed: 14591600031206008474

202 Heh the Slasher (level 5, -1/41 HPs)
             Began as a Coglin Berserker on Apr 17, 2024.
             Was a Follower of Trog.
             Slain by a goblin
             ... wielding a +0 club
             ... led by Robin
              (5 damage)
             ... on level 2 of the Dungeon.
             The game lasted 00:01:39 (1149 turns).

Heh the Slasher (Coglin Berserker)                  Turns: 1149, Time: 00:01:40

Health: -1/41      AC:  2    Str: 18    XL:     5   Next: 80%
Magic:  5/5        EV: 12    Int:  6    God:    Trog [*.....]
Gold:   11         SH:  0    Dex: 15    Spells: 4/4 levels left

rFire   . . .        a - +0 falchion {Frauke}
rCold   . . .        j - +0 short sword {Kai}
rNeg    . . .        b - +0 animal skin
rPois   .            (no helmet)
rElec   .            (no cloak)
rCorr   .            (no gloves)
SInv    .            (no boots)
Will    .....        (amulet unavailable)
Stlth   +            (ring unavailable)
HPRegen 0.26/turn    (ring unavailable)
MPRegen 0.09/turn    (no gizmo)

%: no passive effects
@: revved
A: off-hand wielding, slow wielding, warmup strikes, no jewellery
a: Invent Gizmo, Renounce Religion, Berserk


You were on level 2 of the Dungeon.
You worshipped Trog.
Trog was aware of your devotion.
You visited 1 branch of the dungeon, and saw 2 of its levels.

You collected 11 gold pieces.

Inventory:

Hand Weapons
 a - a +0 falchion (weapon) {Frauke}
 c - a +0 dagger {Anan}
 j - a +0 short sword (offhand) {Kai}
Armour
 b - a +0 animal skin (worn)
Scrolls
 d - a scroll of revelation {unknown}
 e - 2 scrolls of teleportation {unknown}
 f - a scroll of enchant armour {unknown}
 g - a scroll of fog {unknown}
 i - a scroll of blinking {unknown}
 k - a scroll of brand weapon {unknown}
 l - a scroll of identify {unknown}
Potions
 h - a potion of degeneration {unknown}


   Skills:
 - Level 3.0 Fighting
 * Level 5.7 Long Blades
 - Level 1.7 Armour
 + Level 2.9 Dodging


You had 4 spell levels left.
You didn't know any spells.
Your spell library was empty.

Dungeon Overview and Level Annotations

Branches:
Dungeon (2/15)

Altars:

Shops:
D:1 :   D:2 *

Annotations:
D:2 Robin


Innate Abilities, Weirdness & Mutations

You can wield a second weapon in your off-hand.
It takes a long time for you to wield or remove held weapons.
Your first few attacks do less damage.
You cannot equip rings or amulets.


Message History

The ball python bites you but does no damage.
The ball python constricts you.
You closely miss the hobgoblin with your +0 short sword.
You slash the hobgoblin with your +0 falchion!
You kill the hobgoblin!
Trog accepts your kill. The goblin hits you with a +0 club.
Robin roars a battlecry!
The goblins go into a battle-frenzy!
The ball python bites you but does no damage.
The ball python constricts you.
You hit the goblin with your +0 falchion.
The goblin is heavily wounded.
You hit the goblin with your +0 short sword.
The giant cockroach bites you. The goblin hits you but does no damage.
The ball python bites you. The ball python constricts you.
Unknown command.
Unknown command.
You hit the goblin with your +0 short sword.
You kill the goblin!
Trog accepts your kill. The giant cockroach bites you.
The ball python barely misses you. The ball python constricts you.
The hobgoblin hits you! The giant cockroach bites you.
Your library has no spells.
The ball python's grasp on you weakens, but your attempt to escape fails.
The ball python bites you but does no damage.
The ball python constricts you.
* * * LOW HITPOINT WARNING * * *
The hobgoblin hits you.
* * * LOW HITPOINT WARNING * * *
Robin throws the goblin at you!
* * * LOW HITPOINT WARNING * * *
The giant cockroach bites you.
* * * LOW HITPOINT WARNING * * *
Unknown command.
You escape the ball python's grasp.
The hobgoblin hits you.
* * * LOW HITPOINT WARNING * * *
The goblin hits you with a +0 club.
You die...

#. #. #( ## #.##
.####..## #####
...)##..######.... #
###...#........# .#
###......##..####.#
#...###.....g@g).#
....#..###.∩.#SBg..#
..####..............###
# #.##..####g.......
#.##g## #.......##
..##.. #..#....... ####
...##..<..### ....
..g...# ..g#.g ...###


You could see Robin, a giant cockroach, 2 hobgoblins, 2 goblins and a ball
python.

Vanquished Creatures
  Sigmund (D:2)
  A gnoll (D:1)
  A bat (D:1)
  4 endoplasms (D:1)
  A giant cockroach (D:1)
  9 goblins
  3 hobgoblins
  3 kobolds (D:1)
  A quokka (D:1)
  A ball python (D:1)
  2 frilled lizards
  4 rats (D:1)
31 creatures vanquished.

Notes
Turn   | Place    | Note
-------+----------+-------------------------------------------
     0 | D:1      | Heh the Coglin Berserker began the quest for the Orb.
     0 | D:1      | Reached XP level 1. HP: 18/18 MP: 1/1
    17 | D:1      | Reached XP level 2. HP: 13/24 MP: 2/2
   322 | D:1      | Found Yrchawnao's Book Emporium.
   345 | D:1      | Reached skill level 4 in Long Blades
   419 | D:1      | Reached XP level 3. HP: 29/29 MP: 3/3
  1060 | D:2      | Noticed Sigmund
  1071 | D:2      | Killed Sigmund
  1072 | D:2      | Reached skill level 5 in Long Blades
  1072 | D:2      | Reached XP level 4. HP: 33/35 MP: 4/4
  1072 | D:2      | Reached XP level 5. HP: 38/41 MP: 5/5
  1121 | D:2      | Found Erhocidyph's Assorted Antiques.
  1143 | D:2      | Noticed Robin
  1149 | D:2      | Slain by a goblin

Illustrated notes

Levels and vault maps discovered:
D:1:      dpeg_arrival_leaves_temple_mockup, layout_loops_corners, serial_shops,
          shop, nicolae_concentric_dashed_squares_mild
D:2:      layout_rooms, serial_shops, nicolae_shop_stone, minivault_25,
          uniq_crazy_yiuf_cottage, uniq_sigmund, uniq_robin

Skill      XL: |  1  2  3 |
---------------+----------+-----
Long Blades    | 4 5 |  5.7
Dodging        | 2 |  2.9
Fighting       | |  3.0
Armour         | |  1.7

Action                     |  1- 3 |  4- 6 || total
---------------------------+-------+-------++-------
  Melee: Falchion          |    50 |     8 ||    58
         Dagger            |    39 |       ||    39
         Short sword       |    15 |     9 ||    24
 Invoke: Berserk           |     2 |       ||     2
   Stab: Sleeping          |     2 |       ||     2
 Armour: Animal skin       |    34 |    30 ||    64
  Dodge: Dodged            |    30 |     4 ||    34

Table legend: (Time is in decaauts)
 A = Elapsed time spent in this place.
 B = Non-inter-level travel time spent in this place.
 C = Inter-level travel time spent in this place.
 D = Time resting spent in this place.
 E = Time spent auto-exploring this place.
 F = Levels seen in this place.
 G = Mean time per level.
                   A        B        C        D        E       F      G
               +--------+--------+--------+--------+--------+-----+--------+
         Total |   1170 |   1139 |     31 |     39 |    916 |   2 |  585.0 |
       Dungeon |   1170 |   1139 |     31 |     39 |    916 |   2 |  585.0 |
               +--------+--------+--------+--------+--------+-----+--------+

Top non-repeatable levels by time:
     D:1: 1031 daAuts
     D:2: 139 daAuts
